| TOP OF THE 1ST |
|
San Diego Padres batting - Pitching for Los Angeles Dodgers : LHP Dave Righetti
|
|
Pitching: LHP Dave Righetti
|
|
|
Batting: RHB Dennis Dungy
|
0-0: Ball 1-0: Ball 2-0: Ball 3-0: Base on Balls
|
|
Batting: RHB Bob Dernier
|
0-0: Called Strike 0-1: Ball 1-1: Foul Ball, location: 2F 1-2: Ball 2-2: Foul Ball, location: 2F 2-2: Foul Ball, location: 2F 2-2: Fly out, F5 (Line Drive, 5, EV 65.6 MPH)
|
|
Batting: RHB Eddy Martinez
|
0-0: Ball 1-0: Ball 2-0: Called Strike 2-1: Swinging Strike 2-2: Ball 3-2: Strikes out looking Dennis Dungy is caught stealing 2nd base 2-4 Batter strikes out.
|
| Top of the 1st over - 0 runs, 0 hits, 0 errors, 0 left on base; San Diego 0 - Los Angeles 0 |
| BOTTOM OF THE 1ST |
|
Los Angeles Dodgers batting - Pitching for San Diego Padres : LHP Bryan Hardy
|
|
Pitching: LHP Bryan Hardy
|
|
|
Batting: RHB Billy Sample
|
0-0: Ball 1-0: Swinging Strike 1-1: Ball 2-1: Fly out, F1 (Line Drive, P, EV 64.4 MPH)
|
|
Batting: RHB Carney Lansford
|
0-0: Swinging Strike 0-1: Fly out, F8 (Flyball, 8RXD, EV 82.5 MPH)
|
|
Batting: RHB Dick Davis
|
0-0: Called Strike 0-1: Swinging Strike 0-2: Ball 1-2: Reached on error, E6 (Groundball, 56, EV 103.8 MPH)
|
|
Batting: RHB Jerry Keller
|
0-0: Ball 1-0: Ball 2-0: Swinging Strike 2-1: Swinging Strike 2-2: Ball 3-2: Base on Balls Dick Davis to second
|
|
Batting: RHB Barry Evans
|
0-0: Ball 1-0: Foul Ball, location: 2F 1-1: Swinging Strike 1-2: SINGLE (Line Drive, 89M, EV 89.4 MPH) Dick Davis to third Jerry Keller to second Runner from 3rd tries for Home, SAFE, throw by CF to home
|
|
Batting: LHB Ronald Jackson
|
0-0: Ball 1-0: Fly out, F9 (Flyball, 9, EV 85.0 MPH)
|
| Bottom of the 1st over - 1 run, 1 hit, 1 error, 2 left on base; San Diego 0 - Los Angeles 1 |
| TOP OF THE 2ND |
|
San Diego Padres batting - Pitching for Los Angeles Dodgers : LHP Dave Righetti
|
|
Batting: RHB Dave Edler
|
0-0: Foul Ball, location: 2F 0-1: Called Strike 0-2: Ball 1-2: Strikes out looking
|
|
Batting: RHB Heriberto Soltero
|
0-0: Ground out 4-3 (Groundball, 4, EV 81.3 MPH)
|
|
Batting: LHB Tom Dunbar
|
0-0: Foul Ball, location: 2F 0-1: Called Strike 0-2: Ball 1-2: Strikes out looking
|
| Top of the 2nd over - 0 runs, 0 hits, 0 errors, 0 left on base; San Diego 0 - Los Angeles 1 |
| BOTTOM OF THE 2ND |
|
Los Angeles Dodgers batting - Pitching for San Diego Padres : LHP Bryan Hardy
|
|
Batting: SHB Jose Oquendo
|
0-0: Ball 1-0: Fly out, F9 (Flyball, 9LM, EV 82.5 MPH)
|
|
Batting: RHB Dennis Littlejohn
|
0-0: Ball 1-0: Ball 2-0: Called Strike 2-1: Called Strike 2-2: Ball 3-2: Foul Ball, location: 2F 3-2: Ground out 6-3 (Groundball, 6, EV 90.0 MPH)
|
|
Batting: LHB Dave Righetti
|
0-0: Ball 1-0: Ball 2-0: Foul Ball, location: 2F 2-1: Foul Ball, location: 2F 2-2: Strikes out looking
|
| Bottom of the 2nd over - 0 runs, 0 hits, 0 errors, 0 left on base; San Diego 0 - Los Angeles 1 |
| TOP OF THE 3RD |
|
San Diego Padres batting - Pitching for Los Angeles Dodgers : LHP Dave Righetti
|
|
Batting: RHB Kelvin Moore
|
0-0: Ball 1-0: Ball 2-0: Ball 3-0: Base on Balls
|
|
Batting: LHB Jeffrey Zitek
|
0-0: Called Strike 0-1: Ball 1-1: Called Strike 1-2: Strikes out looking
|
|
Batting: RHB Bryan Hardy
|
0-0: Sac Bunt to 3S - play at first, batter OUT! 3-4 Kelvin Moore to second
|
|
Batting: RHB Dennis Dungy
|
0-0: Swinging Strike 0-1: Called Strike 0-2: Strikes out swinging
|
| Top of the 3rd over - 0 runs, 0 hits, 0 errors, 1 left on base; San Diego 0 - Los Angeles 1 |
| BOTTOM OF THE 3RD |
|
Los Angeles Dodgers batting - Pitching for San Diego Padres : LHP Bryan Hardy
|
|
Batting: RHB Billy Sample
|
0-0: Bunt - Flyout to 15S! F1
|
|
Batting: RHB Carney Lansford
|
0-0: Ball 1-0: Ground out 4-3 (Groundball, 4, EV 86.3 MPH)
|
|
Batting: RHB Dick Davis
|
0-0: Ball 1-0: Called Strike 1-1: Foul Ball, location: 2F 1-2: Foul Ball, location: 2F 1-2: Strikes out swinging
|
| Bottom of the 3rd over - 0 runs, 0 hits, 0 errors, 0 left on base; San Diego 0 - Los Angeles 1 |
| TOP OF THE 4TH |
|
San Diego Padres batting - Pitching for Los Angeles Dodgers : LHP Dave Righetti
|
|
Batting: RHB Bob Dernier
|
0-0: Ball 1-0: Ball 2-0: Ball 3-0: Base on Balls
|
|
Batting: RHB Eddy Martinez
|
0-0: Ball 1-0: SINGLE (Line Drive, 4MD, EV 96.3 MPH) Bob Dernier to second
|
|
Batting: RHB Dave Edler
|
0-0: Ball 1-0: Foul Ball, location: 2F 1-1: Swinging Strike 1-2: Fly out, F9 (Line Drive, 9, EV 92.5 MPH)
|
|
Batting: RHB Heriberto Soltero
|
0-0: Foul Ball, location: 2F 0-1: Ball 1-1: Fly out, F9 (Line Drive, 9D, EV 107.5 MPH) Runner from 2nd tags up, SAFE at 3rd, no throw by RF
|
|
Batting: LHB Tom Dunbar
|
0-0: Swinging Strike 0-1: Fly out, F8 (Line Drive, 8RM, EV 91.3 MPH)
|
| Top of the 4th over - 0 runs, 1 hit, 0 errors, 2 left on base; San Diego 0 - Los Angeles 1 |
| BOTTOM OF THE 4TH |
|
Los Angeles Dodgers batting - Pitching for San Diego Padres : LHP Bryan Hardy
|
|
Batting: RHB Jerry Keller
|
0-0: Called Strike 0-1: Ball 1-1: Foul Ball, location: 2F 1-2: Fly out, F7 (Flyball, 7, EV 83.8 MPH)
|
|
Batting: RHB Barry Evans
|
0-0: Called Strike 0-1: Foul Ball, location: 2F 0-2: Strikes out looking
|
|
Batting: LHB Ronald Jackson
|
0-0: Fly out, F8 (Flyball, 8LS, EV 85.6 MPH)
|
| Bottom of the 4th over - 0 runs, 0 hits, 0 errors, 0 left on base; San Diego 0 - Los Angeles 1 |
| TOP OF THE 5TH |
|
San Diego Padres batting - Pitching for Los Angeles Dodgers : LHP Dave Righetti
|
|
Batting: RHB Kelvin Moore
|
0-0: Called Strike 0-1: DOUBLE (Line Drive, 78M, EV 105.6 MPH)
|
|
Batting: LHB Jeffrey Zitek
|
0-0: Called Strike 0-1: Foul Ball, location: 2F 0-2: Strikes out swinging
|
|
Batting: RHB Bryan Hardy
|
0-0: Fly out, F4 (Popup, 4D, EV 70.0 MPH)
|
|
Batting: RHB Dennis Dungy
|
0-0: Ball 1-0: Ball 2-0: Foul Ball, location: 2F 2-1: SINGLE (Groundball, 4MD, EV 104.4 MPH) Kelvin Moore to third Runner from 3rd tries for Home, SAFE, throw by CF to home
|
|
Batting: RHB Bob Dernier
|
0-0: Foul Ball, location: 2F 0-1: Foul Ball, location: 2F 0-2: Ball 1-2: Ball 2-2: Strikes out looking
|
| Top of the 5th over - 1 run, 2 hits, 0 errors, 1 left on base; San Diego 1 - Los Angeles 1 |
| BOTTOM OF THE 5TH |
|
Los Angeles Dodgers batting - Pitching for San Diego Padres : LHP Bryan Hardy
|
|
Batting: SHB Jose Oquendo
|
0-0: Ball 1-0: Ball 2-0: Called Strike 2-1: Ball 3-1: Ground out 6-3 (Groundball, 6, EV 86.9 MPH)
|
|
Batting: RHB Dennis Littlejohn
|
0-0: Ball 1-0: Swinging Strike 1-1: Called Strike 1-2: Foul Ball, location: 2F 1-2: Strikes out swinging
|
|
Batting: LHB Dave Righetti
|
0-0: Foul Ball, location: 2F 0-1: Ball 1-1: Called Strike 1-2: Ball 2-2: Ball 3-2: Strikes out swinging
|
| Bottom of the 5th over - 0 runs, 0 hits, 0 errors, 0 left on base; San Diego 1 - Los Angeles 1 |
| TOP OF THE 6TH |
|
San Diego Padres batting - Pitching for Los Angeles Dodgers : LHP Dave Righetti
|
|
Batting: RHB Eddy Martinez
|
0-0: Foul Ball, location: 2F 0-1: Swinging Strike 0-2: Foul Ball, location: 2F 0-2: Ball 1-2: Ball 2-2: Foul Ball, location: 2F 2-2: Ball 3-2: Foul Ball, location: 2F 3-2: Strikes out swinging
|
|
Batting: RHB Dave Edler
|
0-0: Foul Ball, location: 2F 0-1: Swinging Strike 0-2: Ball 1-2: Fly out, F8 (Line Drive, 8LD, EV 93.1 MPH)
|
|
Batting: RHB Heriberto Soltero
|
0-0: Ball 1-0: Foul Ball, location: 2F 1-1: Ball 2-1: Ball 3-1: Swinging Strike 3-2: Foul Ball, location: 2F 3-2: Strikes out swinging
|
| Top of the 6th over - 0 runs, 0 hits, 0 errors, 0 left on base; San Diego 1 - Los Angeles 1 |
| BOTTOM OF THE 6TH |
|
Los Angeles Dodgers batting - Pitching for San Diego Padres : LHP Bryan Hardy
|
|
Batting: RHB Billy Sample
|
0-0: Ball 1-0: Foul Ball, location: 2F 1-1: Fly out, F5 (Popup, 25F, EV 95.6 MPH)
|
|
Batting: RHB Carney Lansford
|
0-0: Foul Ball, location: 2F 0-1: Ball 1-1: SINGLE (Flyball, 4MD, EV 90.0 MPH)
|
|
Batting: RHB Dick Davis
|
0-0: Called Strike 0-1: Ball 1-1: Ball 2-1: Foul Ball, location: 2F 2-2: Ball Carney Lansford steals 2nd base 3-2: Fly out, F8 (Flyball, 8LS, EV 90.0 MPH)
|
|
Batting: RHB Jerry Keller
|
0-0: Called Strike 0-1: Ball 1-1: Ball 2-1: Ball 3-1: Base on Balls
|
|
Batting: RHB Barry Evans
|
0-0: Ball 1-0: Ball 2-0: Called Strike 2-1: Swinging Strike 2-2: Strikes out swinging
|
| Bottom of the 6th over - 0 runs, 1 hit, 0 errors, 2 left on base; San Diego 1 - Los Angeles 1 |
| TOP OF THE 7TH |
|
San Diego Padres batting - Pitching for Los Angeles Dodgers : LHP Dave Righetti
|
|
Batting: LHB Tom Dunbar
|
0-0: Called Strike 0-1: Called Strike 0-2: Strikes out looking
|
|
Batting: RHB Kelvin Moore
|
0-0: Swinging Strike 0-1: Ball 1-1: Ground out 5-3 (Groundball, 5, EV 100.6 MPH)
|
|
Batting: LHB Jeffrey Zitek
|
0-0: Ball 1-0: Fly out, F9 (Flyball, 89S, EV 83.1 MPH)
|
| Top of the 7th over - 0 runs, 0 hits, 0 errors, 0 left on base; San Diego 1 - Los Angeles 1 |
| BOTTOM OF THE 7TH |
|
Los Angeles Dodgers batting - Pitching for San Diego Padres : LHP Bryan Hardy
|
|
Batting: LHB Ronald Jackson
|
0-0: Called Strike 0-1: Ball 1-1: Ball 2-1: Swinging Strike 2-2: Ball 3-2: SOLO HOME RUN (Flyball, 7LD, EV 96.3 MPH), Distance : 361 ft
|
|
Batting: SHB Jose Oquendo
|
0-0: Foul Ball, location: 2F 0-1: Ball 1-1: Ball 2-1: Called Strike 2-2: Ball 3-2: SINGLE (Line Drive, 6D, EV 110.0 MPH)
|
|
Batting: RHB Dennis Littlejohn
|
0-0: Called Strike 0-1: Ball 1-1: Swinging Strike 1-2: Ball 2-2: Ball 3-2: Foul Ball, location: 2F 3-2: Strikes out looking Jose Oquendo is caught stealing 2nd base 2-4 Batter strikes out.
|
|
Pinch Hitting: LHB Darren Daulton
|
0-0: Ball 1-0: Ball 2-0: Ball 3-0: Called Strike 3-1: Foul Ball, location: 2F 3-2: Base on Balls
|
|
Batting: RHB Billy Sample
|
0-0: Ball Darren Daulton is caught stealing 2nd base 2-4
|
| Bottom of the 7th over - 1 run, 2 hits, 0 errors, 0 left on base; San Diego 1 - Los Angeles 2 |
| TOP OF THE 8TH |
|
San Diego Padres batting - Pitching for Los Angeles Dodgers : LHP Dave Righetti
|
|
Pitching: RHP Steve Foucault
|
|
|
Batting: RHB Bryan Hardy
|
0-0: SINGLE (Groundball, P, EV 86.3 MPH) (infield hit)
|
|
Batting: RHB Dennis Dungy
|
0-0: Bunted foul 0-1: Bunted foul 0-2: Foul Ball, location: 2F 0-2: Ball 1-2: Grounds into double play, 6-4-3 (Groundball, 6, EV 83.8 MPH)
|
|
Batting: RHB Bob Dernier
|
0-0: Ball 1-0: Swinging Strike 1-1: SINGLE (Groundball, 6MD, EV 96.9 MPH)
|
|
Pinch Hitting: LHB Mike Cole
|
0-0: Called Strike 0-1: Ground out 6-3 (Groundball, 6M, EV 98.8 MPH)
|
| Top of the 8th over - 0 runs, 2 hits, 0 errors, 1 left on base; San Diego 1 - Los Angeles 2 |
| BOTTOM OF THE 8TH |
|
Los Angeles Dodgers batting - Pitching for San Diego Padres : LHP Bryan Hardy
|
|
Now at C: Nicky Richards
|
|
|
Batting: RHB Billy Sample
|
0-0: Foul Ball, location: 2F 0-1: Foul Ball, location: 2F 0-2: Ball 1-2: Ball 2-2: SINGLE (Flyball, 8RS, EV 99.4 MPH)
|
|
Batting: RHB Carney Lansford
|
0-0: Ball 1-0: Ball 2-0: Called Strike 2-1: DOUBLE (Line Drive, 89M, EV 99.4 MPH) Billy Sample to third Runner from 3rd tries for Home, SAFE, no throw by RF
|
|
Batting: RHB Dick Davis
|
0-0: Swinging Strike 0-1: Foul Ball, location: 2F 0-2: Ground out 5-3 (Groundball, 56, EV 103.1 MPH)
|
|
Batting: RHB Jerry Keller
|
0-0: Ball 1-0: Fly out, F8 (Flyball, 8RD, EV 106.3 MPH) Runner from 2nd tags up, SAFE at 3rd with throw by CF
|
|
Batting: RHB Barry Evans
|
0-0: Called Strike 0-1: Called Strike 0-2: Ball 1-2: Ball 2-2: Strikes out swinging
|
| Bottom of the 8th over - 1 run, 2 hits, 0 errors, 1 left on base; San Diego 1 - Los Angeles 3 |
| TOP OF THE 9TH |
|
San Diego Padres batting - Pitching for Los Angeles Dodgers : RHP Steve Foucault
|
|
Now at 1B: Chris W Smith
|
|
|
Batting: RHB Dave Edler
|
0-0: Called Strike 0-1: Foul Ball, location: 2F 0-2: Ball 1-2: Ball 2-2: Fly out, F8 (Flyball, 8RM, EV 89.4 MPH)
|
|
Batting: RHB Heriberto Soltero
|
0-0: Called Strike 0-1: Ball 1-1: Called Strike 1-2: Foul Ball, location: 2F 1-2: Fly out, F4 (Line Drive, 4, EV 66.9 MPH)
|
|
Batting: LHB Tom Dunbar
|
0-0: Ball 1-0: Ball 2-0: Called Strike 2-1: Ball 3-1: Base on Balls
|
|
Pitching: RHP Chuck Porter
|
|
|
Batting: RHB Kelvin Moore
|
0-0: Swinging Strike 0-1: Ball 1-1: SINGLE (Flyball, 34D, EV 94.4 MPH) Tom Dunbar to second
|
|
Batting: LHB Jeffrey Zitek
|
0-0: Swinging Strike 0-1: Ball 1-1: Swinging Strike 1-2: Strikes out swinging
|
| Top of the 9th over - 0 runs, 1 hit, 0 errors, 2 left on base; San Diego 1 - Los Angeles 3 |
|